 Dungeon Crawl Stone Soup version 0.24-a0-114-g5d539f0 (console) character file.

Game seed: 12465407721684000997

40 Duffy the Chopper (level 3, 0/32 HPs)
             Began as a Naga Gladiator on Feb 15, 2019.
             Succumbed to an adder's poison
             ... on level 3 of the Dungeon.
             The game lasted 00:01:10 (1192 turns).

Duffy the Chopper (Naga Gladiator)                  Turns: 1192, Time: 00:01:11

Health: 0/32       AC:  3    Str: 16    XL:     3   Next: 50%
Magic:  3/3        EV: 10    Int:  9    God:
Gold:   63         SH:  0    Dex: 12    Spells: 2/2 levels left

rFire    . . .     SeeInvis +   a - +0 war axe
rCold    . . .     Gourm    .   (no shield)
rNeg     . . .     Faith    .   b - +0 leather armour
rPois    +         Spirit   .   c - +0 helmet
rElec    .         Reflect  .   (no cloak)
rCorr    .         Harm     .   (no gloves)
MR       .....                  (no barding)
Stlth    +.........             (no amulet)
HPRegen  0.10/turn              (no ring)
MPRegen  0.08/turn              (no ring)

@: lethally poisoned (0 -> -5), short of breath, very slow
A: large, see invisible, deformed body, poison resistance, slowness 2, slow
metabolism 1, spit poison 1, AC +1
a: Spit Poison


You were on level 3 of the Dungeon.
You were not hungry.

You visited 1 branch of the dungeon, and saw 3 of its levels.

You collected 63 gold pieces.

Inventory:

Hand Weapons
 a - a +0 war axe (weapon)
Missiles
 d - 3 throwing nets (quivered)
Armour
 b - a +0 leather armour (worn)
 c - a +0 helmet (worn)
Scrolls
 g - a scroll of teleportation {unknown}
 i - 2 scrolls of noise {unknown}
 j - a scroll of blinking {unknown}
 k - 2 scrolls of remove curse {unknown}
 m - a scroll of fog {unknown}
 o - a scroll of random uselessness {unknown}
Potions
 e - a potion of flight {unknown}
 h - a potion of degeneration {unknown}
 n - a potion of might {unknown}
Comestibles
 f - 2 rations


   Skills:
 - Level 2.0 Fighting
 + Level 4.4 Axes
 - Level 1.7 Throwing
 - Level 2.4 Dodging


You had 2 spell levels left.
You didn't know any spells.
Your spell library was empty.

Dungeon Overview and Level Annotations

Branches:
Dungeon (3/15)

Altars:


Innate Abilities, Weirdness & Mutations

You cannot wear boots.
Your serpentine skin is tough. (AC +1)
You have supernaturally acute eyesight. (SInv)
Armour fits poorly on your strangely shaped body.
Your system is resistant to poisons. (rPois)
You cover ground very slowly.
You have a slow metabolism.
You can spit poison.


Message History

You are poisoned.
The adder poisons you! The adder bites you but does no damage.
You barely miss the adder.
You feel sick. The adder bites you but does no damage. The adder bites you.
You can't do that yet.
You miss the adder.
You feel sick. The adder bites you.
You can't do that yet.
You closely miss the adder.
You have got your breath back.
The adder bites you. x2
Press: ? - help, Shift-Dir - straight line, f - adder
Aim: an adder The splash of poison misses the adder.
You feel slightly more hungry.
You feel sick. The adder misses you.
You hit the adder.
The adder is lightly wounded.
The adder bites you but does no damage. The adder bites you.
You slash the adder!
You kill the adder!
You die...

########## .........# ###
########.# #.. .# #.#
######.######
.#######.###......[..#...
........).........%...>##
..#######.....###@# .. ..##
##).#..###%####.## ...#
#......#.......... ...#
###.##.#.#.###.####
...#####....#.#..........#
................#.#....#.....
...#####..<.#.#######.....###
##..# #........ ...##.#
............### ....# #


There were no monsters in sight!

Vanquished Creatures
  An adder (D:3)
  A worm (D:2)
  A leopard gecko (D:3)
  An orc (D:3)
  A giant cockroach (D:1)
  4 goblins
  3 hobgoblins (D:2)
  3 jackals (D:3)
  3 kobolds (D:1)
  2 bats
  3 rats
23 creatures vanquished.

Notes
Turn   | Place    | Note
-------+----------+-------------------------------------------
     0 | D:1      | Duffy the Naga Gladiator began the quest for the Orb.
     0 | D:1      | Reached XP level 1. HP: 19/19 MP: 1/1
   424 | D:2      | Reached XP level 2. HP: 21/26 MP: 2/2
   920 | D:3      | Reached skill level 4 in Axes
   961 | D:3      | Reached XP level 3. HP: 19/32 MP: 3/3
  1190 | D:3      | HP: 1/32 [poisoned by an adder]
  1192 | D:3      | Succumbed to an adder's poison

Levels and vault maps discovered:
D:1:      minmay_arrival_four_loops, layout_basic, serial_bayou_lagoon_a
D:2:      layout_basic
D:3:      layout_basic

Skill      XL: |  1  2 |
---------------+-------+-----
Axes           | 4 |  4.4
Fighting       | |  2.0
Throwing       | |  1.7
Dodging        | |  2.4

Action                   || total
-------------------------++-------
Melee: War axe           ||    64
 Abil: Spit Poison       ||     8
Armor: Leather armour    ||    28
Dodge: Dodged            ||    47

Table legend:
 A = Non-vault XP
 B = Vault XP
 C = Vault XP percentage of total XP
 D = Non-vault monster count
 E = Vault monster count
 F = Vault count percentage of total count
                 A         B        C        D         E       F
            +---------+---------+-------+---------+---------+-------
      Total |      58 |       0 |   0.0 |      23 |       0 |   0.0
            +---------+---------+-------+---------+---------+-------
        D:1 |       9 |       0 |   0.0 |       5 |       0 |   0.0
        D:2 |      19 |       0 |   0.0 |       9 |       0 |   0.0
        D:3 |      30 |       0 |   0.0 |       9 |       0 |   0.0
            +---------+---------+-------+---------+---------+-------
